 Dungeon Crawl Stone Soup version 0.17.1-3-g152610e (webtiles) character file.

1575 Gargoyl the Covered (level 8, -1/62 HPs)
             Began as a Demonspawn Abyssal Knight on Apr 1, 2016.
             Was an Elder of Lugonu.
             Killed from afar by Herrn's ghost (16 damage)
             ... with a flame tongue
             ... on level 7 of the Dungeon.
             The game lasted 00:17:53 (5819 turns).

Gargoyl the Covered (Demonspawn Abyssal Knight)     Turns: 5819, Time: 00:17:53

Health: -1/62      AC: 17    Str: 14    XL:     8   Next: 60%
Magic:  6/10       EV:  2    Int: 14    God:    Lugonu [****..]
Gold:   351        SH:  8    Dex: 16    Spells: 0 memorised, 7 levels left

rFire  . . .     SeeInvis .     M - +1 hand axe (venom)
rCold  + . .     Clarity  .     r - +0 plate armour
rNeg   . . .     SustAt   .     I - +0 shield
rPois  .         Gourm    .     (helmet restricted)
rElec  .         Spirit   .     q - +0 cloak
rCorr  .         Warding  .     A - +2 pair of gloves
rMut   .         Stasis   .     (no boots)
MR     .....                    o - amulet of regeneration
Stlth  ..........               D - +3 ring of dexterity
                                v - ring of protection from cold

@: not resistant to hostile enchantments, extremely unstealthy
A: claws 2, hooves 1, horns 1
a: Depart the Abyss, Bend Space, Banish, Corrupt, Renounce Religion


You were on level 7 of the Dungeon.
You worshipped Lugonu.
Lugonu was greatly pleased with you.
You were not hungry.

You visited 1 branch of the dungeon, and saw 7 of its levels.
You visited the Abyss 1 time.
You also visited: Sewer.

You collected 454 gold pieces.
You spent 103 gold pieces at shops.

Inventory:

Hand Weapons
 y - a +1 flail of draining
 M - a +1 hand axe of venom (weapon)
Missiles
 N - 9 tomahawks (quivered)
Armour
 q - a +0 cloak (worn)
 r - a +0 plate armour (worn)
 A - a +2 pair of gloves (worn)
 I - a +0 shield (worn)
Jewellery
 o - an amulet of regeneration (around neck)
 v - a ring of protection from cold (left hand)
 x - an uncursed ring of fire
 D - a +3 ring of dexterity (right hand)
Wands
 e - a wand of paralysis (7)
 i - a wand of flame (10)
 H - a wand of lightning (6)
Scrolls
 a - a scroll of amnesia {unknown}
 d - 4 scrolls of teleportation
 g - 5 scrolls of remove curse
 l - a scroll of enchant weapon
 n - 4 scrolls of identify
 s - 2 scrolls of blinking {unknown}
 B - 2 scrolls of recharging {unknown}
 E - 2 scrolls of immolation {unknown}
 L - a scroll of magic mapping
Potions
 b - 2 potions of resistance {unknown}
 j - a potion of magic {unknown}
 k - 4 potions of curing
 m - a potion of cancellation {unknown}
 p - a potion of might {unknown}
 u - a potion of berserk rage {unknown}
 w - 2 potions of flight {unknown}
 z - 3 potions of degeneration {unknown}
 F - a potion of brilliance {unknown}
 G - a potion of cure mutation {unknown}
 J - a potion of invisibility {unknown}
 K - a potion of mutation {unknown}
Books
 h - a book of Minor Magic

   Spells                             Type                      Level
   a - Magic Dart                     Conjuration                  1
   b - Blink                          Translocation                2
   c - Call Imp                       Summoning                    2
   d - Repel Missiles                 Charms/Air                   2
   e - Slow                           Hexes                        2
   f - Conjure Flame                  Conjuration/Fire             3
   g - Mephitic Cloud                 Conjuration/Poison/Air       3
 C - a book of the Warp

   Spells                             Type                      Level
   a - Recall                         Summoning/Translocation      3
   b - Gell's Gravitas                Hexes/Translocation          3
   c - Force Lance                    Conjuration/Translocation    4
   d - Phase Shift                    Translocation                5
   e - Warp Weapon                    Charms/Translocation         5
   f - Summon Forest                  Summoning/Translocation      5
Comestibles
 c - 4 bread rations
 f - 5 meat rations
 t - 2 slices of pizza


   Skills:
 + Level 5.2 Fighting
 + Level 4.7 Axes
 * Level 6.5 Armour
 + Level 2.1 Dodging
 + Level 3.5 Stealth
 + Level 2.0 Shields
 + Level 2.8 Invocations


You had 7 spell levels left.
You didn't know any spells.

Dungeon Overview and Level Annotations

Branches:
Dungeon (7/15)             Temple (0/1) D:7

Altars:
Fedhas
Gozag
Qazlal
Yredelemnul
The Shining One

Shops:
D:5 [   D:7 *}

Annotations:
D:7 Herrn's ghost, novice FoFE


Innate Abilities, Weirdness & Mutations

You have very sharp fingernails.
You have large cloven feet.
You have a pair of small horns on your head.


Message History

You closely miss the butterfly.
Herrn's ghost points at you and mumbles some strange words.
The flame tongue hits you!
Unknown command.
You hit Herrn's ghost.
You kick Herrn's ghost, but do no damage.
Herrn's ghost is moderately damaged.
You miss the butterfly. Herrn's ghost hits you!
Unknown command.
Drink which item? (? for menu, Esc to quit)
It was a potion of curing.
You feel better.
Herrn's ghost points at you and mumbles some strange words.
The flame tongue hits you!
* * * LOW HITPOINT WARNING * * *
Press: ? - help, Shift-Dir - straight line, f - Herrn's ghost
Aim: Herrn's ghost (moderately damaged, chance to defeat MR: 37%) Herrn's ghost resists with some effort.
You feel somewhat more hungry. Herrn's ghost casts a spell at you.
The flame tongue hits you!
You die...

.........+
...........#
......b....#
...........# ..
......%....# ...
...........#######...
......b..)...∩...!...
.....................
....5..@W............
..................∩..
.........)...........
.....................
###########..........
#(.((.)........
#...##......##.
##(#.##......# ..
#....##......#


You could see Herrn's ghost and a crimson imp.

Vanquished Creatures
  An ice beast (D:5)
  A phantom (D:6)
  2 ogres
  2 centaurs
  A giant frog (D:6)
  5 scorpions
  4 crimson imps
  A hound (D:6)
  A jelly (D:5)
  A giant frog zombie (D:6)
  A centaur skeleton (D:5)
  2 orc wizards (D:5)
  3 worker ants
  8 gnolls (D:3)
  15 adders
  A shadow imp (D:5)
  2 oozes
  An adder zombie (D:5)
  5 worms
  3 giant geckos
  9 orcs
  10 bats
  6 giant cockroaches
  7 goblins
  8 hobgoblins
  10 jackals
  5 quokkas
  9 ball pythons
  A giant cockroach zombie (D:5)
  5 giant newts
  10 kobolds
  A quokka skeleton (D:4)
  8 rats
  A butterfly (D:7)
150 creatures vanquished.

Notes
Turn   | Place    | Note
--------------------------------------------------------------
     0 | Abyss:1  | Gargoyl the Demonspawn Abyssal Knight began the quest for the Orb.
     0 | Abyss:1  | Reached XP level 1. HP: 18/18 MP: 2/2
    26 | Abyss:1  | Noticed a ynoxinul
    27 | Abyss:1  | Noticed a tentacled starspawn
    28 | Abyss:1  | Noticed a small abomination
    55 | Abyss:1  | Noticed a large abomination
    98 | Abyss:2  | Noticed a small abomination
   111 | Abyss:3  | Noticed a red ugly thing
   129 | Abyss:3  | Noticed a red ugly thing
   131 | Abyss:3  | Noticed a red ugly thing
   133 | Abyss:3  | Noticed a red ugly thing
   134 | Abyss:3  | Noticed a red very ugly thing
   141 | D:1      | Escaped the Abyss
   261 | D:1      | Reached * piety under Lugonu
   264 | D:1      | Gained mutation: You have a pair of small horns on your head. [demonic ancestry]
   264 | D:1      | Reached XP level 2. HP: 20/24 MP: 3/3
   356 | D:1      | Reached skill level 1 in Dodging
   864 | D:2      | Gained mutation: You have sharp fingernails. [demonic ancestry]
   864 | D:2      | Reached XP level 3. HP: 24/29 MP: 5/5
  1562 | D:3      | Reached ** piety under Lugonu
  1654 | D:3      | Reached XP level 4. HP: 35/35 MP: 6/6
  1956 | D:3      | Reached XP level 5. HP: 20/42 MP: 7/7
  2401 | D:3      | Reached skill level 4 in Armour
  2960 | D:4      | Reached XP level 6. HP: 42/48 MP: 8/8
  3429 | D:4      | Reached *** piety under Lugonu
  3642 | D:5      | Entered Level 5 of the Dungeon
  3686 | D:5      | Found a glowing drain.
  3734 | Sewer    | Entered a sewer
  3744 | Sewer    | Reached skill level 5 in Armour
  4149 | D:5      | Gained mutation: You have very sharp fingernails. [demonic ancestry]
  4149 | D:5      | Reached XP level 7. HP: 40/54 MP: 9/9
  4248 | D:5      | Found a basalt altar of Yredelemnul.
  4321 | D:5      | Found Siulev's Antique Armour Shop.
  4332 | D:5      | Reached **** piety under Lugonu
  4359 | D:5      | Bought a shield for 103 gold pieces
  4449 | D:5      | Reached skill level 1 in Stealth
  4878 | D:6      | Gained mutation: You have large cloven feet. [demonic ancestry]
  4878 | D:6      | Reached XP level 8. HP: 61/61 MP: 10/10
  4881 | D:6      | Reached skill level 6 in Armour
  4881 | D:6      | Reached skill level 1 in Shields
  4951 | D:6      | Found a stormy altar of Qazlal.
  4998 | D:6      | Reached skill level 5 in Fighting
  5272 | D:6      | Found a glowing golden altar of the Shining One.
  5736 | D:7      | Found a blossoming altar of Fedhas.
  5737 | D:7      | Found an opulent altar of Gozag.
  5747 | D:7      | Found a staircase to the Ecumenical Temple.
  5757 | D:7      | Found Fisir's General Store.
  5758 | D:7      | Found Boul's Gadget Shoppe.
  5805 | D:7      | Noticed Herrn's ghost (novice FoFE)
  5819 | D:7      | Killed from afar by Herrn's ghost

Action                   |  1- 3 |  4- 6 |  7- 9 || total
-------------------------+-------+-------+-------++-------
Melee: Hand axe          |   125 |   315 |   211 ||   651
Invok: Depart the Abyss  |     1 |       |       ||     1
       Banish            |       |       |     1 ||     1
Evoke: Wand              |       |     1 |     1 ||     2
  Use: Scroll            |       |     9 |     2 ||    11
       Potion            |       |       |     1 ||     1
 Stab: Paralysed         |       |     4 |     9 ||    13
  Eat: Chunk             |     1 |     5 |       ||     6
       Pizza             |     1 |       |       ||     1
       Bread ration      |       |     2 |     1 ||     3
       Beef jerky        |       |       |     1 ||     1
